 Dungeon Crawl Stone Soup version 0.19.5 (webtiles) character file.

3647 WellDressedCM the Spear-Bearer (level 9, 0/94 HPs)
             Began as a Mottled Draconian Berserker on Mar 28, 2017.
             Was an Elder of Trog.
             Slain by a killer bee (2 damage)
             ... on level 8 of the Dungeon.
             The game lasted 00:45:38 (7830 turns).

WellDressedCM the Spear-Bearer (DrBe)               Turns: 7830, Time: 00:45:40

Health: 0/94       AC:  9    Str: 20 (23) XL:     9   Next: 88%
Magic:  9/9        EV: 14    Int:  9 (12) God:    Trog [****..]
Gold:   349        SH:  0    Dex: 10 (11) Spells: 0 memorised, 8 levels left

rFire  . . .     SeeInvis .     r - +2 trident (vamp)
rCold  . . .     Gourm    .     (armour unavailable)
rNeg   . . .     Faith    .     (no shield)
rPois  .         Spirit   .     (helmet restricted)
rElec  .         Reflect  .     (no cloak)
rCorr  .         Harm     .     h - +1 pair of gloves
MR     .....                    (no boots)
Stlth  +++.......               f - amulet of rage
                                k - ring of stealth
                                v - +3 ring of intelligence

@: lethally poisoned (0 -> -10), very slightly contaminated, invisible
A: breathe sticky flame splash, unfitting armour, stinger 1, clever 1,
deterioration 1, robust 2, screaming 1, cold-blooded, AC +7
a: Breathe Sticky Flame, Berserk, Trog's Hand, Brothers in Arms, Burn
Spellbooks, Renounce Religion, Evoke Berserk Rage


You were on level 8 of the Dungeon.
You worshipped Trog.
Trog was greatly pleased with you.
You were hungry.

You visited 1 branch of the dungeon, and saw 8 of its levels.

You collected 349 gold pieces.

Inventory:

Hand Weapons
 r - a +2 vampiric trident (weapon)
 u - a +0 shortbow
Missiles
 e - 188 stones
 g - 6 javelins
 i - 3 tomahawks of returning (quivered)
 j - 8 tomahawks
 w - 92 arrows
Armour
 h - a +1 pair of gloves (worn)
Rods
 p - a -1 rod of ignition (11/11)
   (You found it on level 4 of the Dungeon)
Jewellery
 f - an amulet of rage (around neck)
 k - a ring of stealth (right hand)
 v - a +3 ring of intelligence (left hand)
Wands
 l - a wand of random effects (12/48)
 n - a wand of iceblast (0/15)
Scrolls
 t - a scroll of identify
 x - a scroll of remove curse
Potions
 q - a potion of might
Comestibles
 b - 4 bread rations
 c - 4 fruits
 d - 3 meat rations
 m - 2 slices of pizza
 o - 2 beef jerkies
 s - a royal jelly
 z - 11 chunks of flesh


   Skills:
 + Level 7.1 Fighting
 + Level 10.6 Polearms
 + Level 1.2 Throwing
 + Level 6.5 Dodging
 + Level 3.9 Stealth
 + Level 0.6 Evocations


You had 8 spell levels left.
You didn't know any spells.

Dungeon Overview and Level Annotations

Branches:
Dungeon (8/15)             Temple (0/1) D:6
   Lair: D:8-11

Altars:
Ashenzari
Gozag
Kikubaaqudgha
Makhleb
Nemelex Xobeh
Trog
Uskayaw
Vehumet
Zin

Shops:
D:4 %

Annotations:
D:7 exclusion: statue


Innate Abilities, Weirdness & Mutations

You can spit globs of burning liquid.
You can ignite nearby creatures when you spit burning liquid.
Your weird mottled scales are hard. (AC +7)
You cannot fit into any form of body armour.
You are cold-blooded and may be slowed by cold attacks.
Your tail ends in a poisonous barb.
Your mind is acute. (Int +2)
Your body sometimes deteriorates upon taking damage.
You are very robust. (+20% HP)
You occasionally shout uncontrollably at your foes.


Message History

You are very lightly contaminated with residual magic.
You feel sick.
The killer bee stings you but does no damage.
You feel sick. The killer bee closely misses you.
You feel sick.
You feel sick. The killer bee barely misses you.
You feel sick. The killer bee barely misses you.
You feel sick. The killer bee completely misses you. The killer bee stings you.
* * * LOW HITPOINT WARNING * * *
You feel sick. The killer bee stings you!
* * * LOW HITPOINT WARNING * * *
You are more poisoned.
The killer bee poisons you!
Eat one of 11 chunks of flesh? (ye/n/q)
You start eating one of the 11 chunks of flesh.
* * * LOW HITPOINT WARNING * * *
You feel sick. The killer bee stings you.
* * * LOW HITPOINT WARNING * * *
The killer bee stings you.
You die... .#....#..............# .#...................# .#....#..............# .#....#..............# ......#..............# yyP..P#

..........<..........#
..P..P#
..###...#............#
y.P..P#
..###.#.#...###......#
..P..P#
......#.....##..@###.#
..P..P#
#......#.......##y...# .....
............####.y##.#####''#
#...................y..y....#
.....................########
.....................#
.....................#
#..............#.#####
#...........####.###


You could see 2 killer bees.

Vanquished Creatures
  2 two-headed ogres (D:8)
  A hornet (D:8)
  A hippogriff (D:7)
  2 water moccasins
  3 ice beasts
  2 sky beasts
  A centaur (D:6)
  3 ogres
  2 bullfrogs
  5 killer bees
  4 scorpions
  2 electric eels (D:7)
  A howler monkey (D:5)
  3 crimson imps
  2 bullfrog zombies (D:7)
  A centaur zombie (D:6)
  A jelly (D:6)
  2 hounds
  6 orc priests
  A bullfrog skeleton (D:4)
  2 centaur skeletons
  4 orc wizards
  2 iguanas
  5 worker ants
  A hound skeleton (D:6)
  8 gnolls (D:8)
  2 howler monkey skeletons
  13 adders
  2 shadow imps
  An ooze (D:3)
  An adder zombie (D:8)
  2 adder skeletons (D:4)
  3 worms
  A dart slug (D:1)
  4 leopard geckos
  27 orcs
  9 giant cockroaches
  5 goblins
  10 hobgoblins
  8 jackals
  5 kobolds
  3 quokkas
  A ball python (D:1)
  8 bats
  5 frilled lizards
  7 rats
184 creatures vanquished.

Vanquished Creatures (others)
  2 orcs (D:7)
  3 plants
5 creatures vanquished.

Grand Total: 189 creatures vanquished

Notes
Turn   | Place    | Note
-------+----------+-------------------------------------------
     0 | D:1      | WellDressedCM the Draconian Berserker began the quest for the Orb.
     0 | D:1      | Reached XP level 1. HP: 19/19 MP: 1/1
    66 | D:1      | Reached XP level 2. HP: 20/26 MP: 2/2
   560 | D:2      | Found a hide-covered altar of Uskayaw.
   572 | D:2      | Reached XP level 3. HP: 23/31 MP: 3/3
   962 | D:2      | Reached ** piety under Trog
  1326 | D:2      | Reached XP level 4. HP: 33/40 MP: 4/4
  1422 | D:2      | You fall through a shaft!
  1434 | D:3      | Noticed an ogre
  1447 | D:3      | Killed an ogre
  1447 | D:3      | Reached skill level 4 in Polearms
  1447 | D:3      | Reached skill level 1 in Stealth
  1447 | D:3      | Reached XP level 5. HP: 37/46 MP: 5/5
  2209 | D:4      | Found an opulent altar of Gozag.
  2249 | D:4      | Gained mutation: You have sharp toenails. [potion of beneficial mutation]
  2338 | D:4      | Found a shattered altar of Ashenzari.
  2341 | D:4      | Reached *** piety under Trog
  2436 | D:4      | Reached XP level 6. HP: 52/53 MP: 6/6
  2452 | D:4      | Reached skill level 5 in Polearms
  2494 | D:4      | Found a glowing silver altar of Zin.
  2499 | D:4      | Found Monoar's Food Emporium.
  2672 | D:4      | Found an ancient bone altar of Kikubaaqudgha.
  2864 | D:5      | Entered Level 5 of the Dungeon
  3088 | D:5      | Your scales start taking on a weird mottled colour.
  3088 | D:5      | Reached XP level 7. HP: 52/60 MP: 7/7
  3129 | D:5      | Identified a -1 rod of ignition (11/11) (You found it on level 4 of the Dungeon)
  3262 | D:5      | Reached skill level 6 in Polearms
  3335 | D:5      | Found a bloodstained altar of Trog.
  3415 | D:5      | Reached **** piety under Trog
  3495 | D:5      | Reached skill level 5 in Fighting
  3721 | D:6      | Found a burning altar of Makhleb.
  3761 | D:6      | Found a staircase to the Ecumenical Temple.
  3779 | D:6      | Reached skill level 5 in Dodging
  3826 | D:6      | Reached skill level 7 in Polearms
  3932 | D:6      | Found a sparkling altar of Nemelex Xobeh.
  3946 | D:6      | Reached XP level 8. HP: 47/69 MP: 8/8
  4681 | D:7      | Reached skill level 8 in Polearms
  4844 | D:7      | Gained mutation: You are robust. (+10% HP) [mutagenic meat]
  4845 | D:7      | Gained mutation: Your body sometimes deteriorates upon taking damage. [mutagenic meat]
  4846 | D:7      | Lost mutation: You have sharp toenails. [mutagenic meat]
  4847 | D:7      | Gained mutation: Your tail ends in a poisonous barb. [mutagenic meat]
  5465 | D:7      | Reached skill level 9 in Polearms
  5491 | D:7      | Reached XP level 9. HP: 27/82 MP: 9/9
  5988 | D:7      | Received a gift from Trog
  6329 | D:7      | Found a radiant altar of Vehumet.
  6916 | D:8      | Gained mutation: You are very robust. (+20% HP) [potion of mutation]
  6916 | D:8      | Gained mutation: You occasionally shout uncontrollably at your foes. [potion of mutation]
  6916 | D:8      | Gained mutation: Your mind is acute. (Int +2) [potion of mutation]
  7028 | D:8      | Reached skill level 10 in Polearms
  7029 | D:8      | Paralysed by a hornet for 1 turns
  7038 | D:8      | Reached skill level 1 in Throwing
  7829 | D:8      | HP: 4/94 [killer bee (7)]
  7830 | D:8      | Slain by a killer bee

Skill      XL: |  1  2  3  4  5  6  7  8  9 |
---------------+----------------------------+-----
Dodging        | 3 4 5 6 |  6.5
Fighting       | 4 5 6 7 |  7.1
Polearms       | 4 5 7 9 10 | 10.6
Stealth        | 1 2 3 |  3.9
Throwing       | 1 |  1.2
Evocations     | |  0.6

Action                   |  1- 3 |  4- 6 |  7- 9 || total
-------------------------+-------+-------+-------++-------
Melee: Spear             |   129 |   243 |       ||   372
       Tailslap          |    12 |    23 |    39 ||    74
       Kick              |       |    29 |    44 ||    73
       Trident           |       |    41 |   393 ||   434
Throw: Stone             |       |     4 |     8 ||    12
       Tomahawk          |       |       |     3 ||     3
Invok: Burn Spellbooks   |       |       |     3 ||     3
       Trog's Hand       |       |       |     1 ||     1
 Abil: Breathe Sticky Fl |       |       |    12 ||    12
Evoke: Wand              |       |       |     8 ||     8
  Use: Scroll            |     4 |     3 |     7 ||    14
       Potion            |     2 |     3 |     6 ||    11
 Stab: Sleeping          |     2 |     3 |     4 ||     9
  Eat: Chunk             |     1 |     6 |    10 ||    17
       Bread ration      |       |     1 |       ||     1
       Pizza             |       |       |     1 ||     1
       Meat ration       |       |       |     2 ||     2
       Fruit             |       |       |     1 ||     1
Armor: Skin              |    18 |    62 |    89 ||   169
Dodge: Dodged            |    52 |   115 |   195 ||   362
